 Dungeon Crawl Stone Soup version 0.27-a0-277-g024f7ef292 (webtiles) character file.

Game seed: 4054141303253172802

1444 Nattfarinn the Frost Mage (level 8, 0/64 HPs)
             Began as a Barachi Ice Elementalist on Feb 5, 2021.
             Was an Initiate of Cheibriados.
             Killed by nerve-wracking pain
             ... invoked by Grinder
              (13 damage)
             ... on level 6 of the Dungeon.
             The game lasted 00:14:08 (6754 turns).

Nattfarinn the Frost Mage (BaIE)                    Turns: 6754, Time: 00:14:09

Health: 0/64       AC:  6    Str: 11    XL:     8   Next: 74%
Magic:  10/15      EV: 15    Int: 18    God:    Cheibriados [......]
Gold:   354        SH:  0    Dex: 14    Spells: 9/17 levels left

rFire    x . .     SeeInvis .   E - +2 whip (freeze)
rCold    + . .     Faith    .   (no shield)
rNeg     . . .     Spirit   .   a - +0 robe
rPois    .         Reflect  .   (no helmet)
rElec    .         Harm     .   r - +1 cloak
rCorr    .         Rampage  .   c - +0 pair of gloves
Will     +....                  D - +0 pair of boots
Stlth    ++........             m - amulet of the acrobat
HPRegen  0.20/turn              g - ring of ice
MPRegen  0.14/turn              o - ring of willpower

@: frozen ramparts, attractive, very slightly contaminated, invisible, very slow
A: +LOS, swims, slowness 1, strong legs 1
a: Hop, Renounce Religion, Bend Time


You were on level 6 of the Dungeon.
You worshipped Cheibriados.
Cheibriados was noncommittal.
You visited 2 branches of the dungeon, and saw 7 of its levels.

You collected 354 gold pieces.

Inventory:

Hand Weapons
 d - a +0 whip
 p - a +0 hand axe of freezing
 E - a +2 whip of freezing (weapon)
Missiles
 s - 3 poisoned darts
Armour
 a - a +0 robe (worn)
 c - a +0 pair of gloves (worn)
 r - a +1 cloak (worn)
 y - a +1 ring mail of cold resistance
 D - a +0 pair of boots (worn)
Jewellery
 g - a ring of ice (left hand)
 m - an amulet of the acrobat (around neck)
 o - a ring of willpower (right hand)
 x - an uncursed ring of wizardry
Wands
 F - a wand of paralysis (3)
Scrolls
 b - 2 scrolls of random uselessness {unknown}
 e - 10 scrolls of identify {unknown}
 f - 2 scrolls of teleportation {unknown}
 h - 4 scrolls of blinking {unknown}
 k - 3 scrolls of enchant weapon {unknown}
 l - 5 scrolls of remove curse {unknown}
 n - 3 scrolls of amnesia {unknown}
 u - a scroll of enchant armour {unknown}
 v - a scroll of noise {unknown}
 G - a scroll of fear {unknown}
Potions
 i - a potion of berserk rage {unknown}
 j - 2 potions of invisibility
 q - a potion of attraction
 t - a potion of flight {unknown}
 w - 2 potions of brilliance {unknown}
 z - 4 potions of haste {unknown}
 A - 2 potions of curing {unknown}
 B - a potion of cancellation {unknown}
 C - a potion of magic {unknown}


   Skills:
 * Level 5.6 Fighting
 * Level 2.1 Armour
 + Level 5.5 Dodging
 - Level 1.7 Stealth
 - Level 5.0 Spellcasting
 - Level 9.0 Ice Magic


You had 9 spell levels left.
You knew the following spells:

 Your Spells              Type           Power        Failure   Level
a - Freeze                Ice            100%         1%          1
b - Frozen Ramparts       Ice            100%         1%          3
c - Summon Ice Beast      Ice/Summ       31%          21%         4

Your spell library contained the following spells:

 Spells                   Type           Power        Failure   Level
 Ozocubu's Armour         Ice            53%          1%          3
 Magic Dart               Conj           16%          13%         1
 Sandblast                Erth           8%           13%         1
 Blink                    Tloc           N/A          21%         2
 Call Imp                 Summ           4%           21%         2
 Passwall                 Tmut/Erth      3%           21%         2
 Slow                     Hex            4%           21%         2
 Hailstorm                Conj/Ice       31%          21%         4
 Conjure Flame            Conj/Fire      4%           36%         3
 Mephitic Cloud           Conj/Pois/Air  4%           36%         3
 Stone Arrow              Conj/Erth      8%           36%         3
 Petrify                  Tmut/Erth      4%           78%         4
 Lee's Rapid Deconstruct  Erth           2%           98%         5


Dungeon Overview and Level Annotations

Branches:
Dungeon (6/15)             Temple (1/1) D:5

Altars:
Ashenzari
Cheibriados
Dithmenos
Fedhas
Gozag
Hepliaklqana
Kikubaaqudgha
Makhleb
Nemelex Xobeh
Okawaru
Qazlal
Ru
Sif Muna
Trog
Vehumet
Yredelemnul
Zin
The Shining One

Shops:
D:4 [   D:5 (

Annotations:
D:6 Grinder


Innate Abilities, Weirdness & Mutations

You can be seen from farther away. (+LOS)
You can swim through water.
You cover ground slowly.
You can hop short distances.


Message History

You writhe in agony.
* * * LOW HITPOINT WARNING * * *
Okay, then.
It was a potion of invisibility.
You fade into invisibility!
The frozen ramparts melt away.
Grinder gestures at you. Pain shoots through your body!
* * * LOW HITPOINT WARNING * * *
You are very lightly contaminated with residual magic.
Casting: Frozen Ramparts (safe; 1% risk of failure)
Confirm with . or Enter, or press ? or * to list all spells.
Casting: Frozen Ramparts (safe; 1% risk of failure)
Press: ? - help, Dir - look around, f - activate You feel a surge of power!
The walls around you are covered in ice.
Grinder resists.
The wall freezes Grinder.
Grinder gestures at you. Pain shoots through your body!
You die...

#### #.. #5#
###@# #...#
#.### #.#
.#########.####
..............#
########.#.##.#
#.#.##.#
#.#....#.


You could see Grinder.

Vanquished Creatures
  Pikel (D:5)
  Sigmund (D:2)
  A phantom (D:6)
  A bullfrog (D:6)
  A scorpion (D:4)
  2 howler monkeys (D:6)
  A centaur zombie (D:6)
  A hound (D:4)
  A jelly (D:6)
  An orc priest (D:3)
  2 worker ants
  2 iguanas
  3 orc wizards (D:5)
  2 hound skeletons
  Robin (D:2)
  5 gnolls
  7 adders
  A shadow imp (D:6)
  2 adder skeletons
  2 worms
  A dart slug (D:3)
  10 leopard geckos
  19 orcs
  A ball python (D:1)
  3 giant cockroaches
  8 goblins
  6 hobgoblins
  4 quokkas
  7 bats
  3 frilled lizards
  7 kobolds
  7 rats
114 creatures vanquished.

Vanquished Creatures (others)
  7 plants (D:2)
7 creatures vanquished.

Grand Total: 121 creatures vanquished

Notes
Turn   | Place    | Note
-------+----------+-------------------------------------------
     0 | D:1      | Nattfarinn the Barachi Ice Elementalist began the quest for
                  | the Orb.
     0 | D:1      | Reached XP level 1. HP: 13/13 MP: 3/3
   209 | D:1      | Reached skill level 5 in Ice Magic
   262 | D:1      | Reached XP level 2. HP: 11/20 MP: 0/5
   620 | D:1      | Reached skill level 1 in Fighting
   844 | D:1      | Reached XP level 3. HP: 26/26 MP: 3/6
  1006 | D:2      | Noticed Sigmund
  1068 | D:1      | Learned a level 3 spell: Frozen Ramparts
  1542 | D:2      | Killed Sigmund
  1543 | D:2      | Reached skill level 6 in Ice Magic
  1543 | D:2      | Reached XP level 4. HP: 30/34 MP: 4/8
  1543 | D:2      | Reached XP level 5. HP: 34/39 MP: 4/9
  1764 | D:2      | Found a shimmering blue altar of Sif Muna.
  1857 | D:2      | Noticed Robin
  1868 | D:2      | Killed Robin
  1884 | D:2      | Reached XP level 6. HP: 42/46 MP: 5/10
  2283 | D:2      | Found a glowing silver altar of Zin.
  2507 | D:3      | Found a sacrificial altar of Ru.
  2716 | D:3      | Found an iron altar of Okawaru.
  3508 | D:4      | Found a glowing golden altar of the Shining One.
  3523 | D:4      | Reached skill level 7 in Ice Magic
  3764 | D:4      | Found Keme's Antique Armour Shoppe.
  4117 | D:4      | Found a burning altar of Makhleb.
  4391 | D:4      | Reached XP level 7. HP: 49/52 MP: 8/12
  4396 | D:4      | Learned a level 4 spell: Summon Ice Beast
  4856 | D:5      | Entered Level 5 of the Dungeon
  5288 | D:5      | Noticed Pikel
  5297 | D:5      | Killed Pikel
  5298 | D:5      | Reached skill level 5 in Dodging
  5298 | D:5      | Reached skill level 8 in Ice Magic
  5298 | D:5      | Reached XP level 8. HP: 60/61 MP: 10/15
  5350 | D:5      | Found a staircase to the Ecumenical Temple.
  5391 | Temple   | Entered the Ecumenical Temple
  5412 | Temple   | Became a worshipper of Cheibriados the Contemplative
  5445 | D:5      | Found Dear Bor's Weapon Shop.
  6267 | D:6      | Reached skill level 5 in Fighting
  6351 | D:6      | Reached skill level 5 in Spellcasting
  6351 | D:6      | Reached skill level 9 in Ice Magic
  6448 | D:6      | Reached skill level 1 in Armour
  6743 | D:6      | Noticed Grinder
  6754 | D:6      | Killed from afar by Grinder

Illustrated notes

Levels and vault maps discovered:
D:1:      saegor_arrival_miasma, layout_basic
D:2:      layout_loops_ring, overflow_temple_1_default, marbit_many_paths,
          serial_forest, infiniplex_forest_clump_small, infiniplex_forest_join,
          infiniplex_forest_clump_cross, infiniplex_forest_lined_1,
          infiniplex_forest_end_double, infiniplex_forest_lined_3_way,
          hangedman_decor_push, uniq_robin, uniq_sigmund
D:3:      layout_loops_ring, overflow_temple_1_default, okawaru_gym_becter
D:4:      layout_loops_ring, old_standard_altar, lemuel_doored_altar,
          serial_shops, nicolae_shop_trees
D:5:      layout_basic, minmay_temple_entry_offerings, serial_shops,
          nicolae_shop_crystal, chequers_serial_rivers_micro_b, uniq_pikel
D:6:      layout_loops_cross, old_standard_altar, elyvilon_altar_3, uniq_grinder
Temple:   minmay_temple_bridge_abc

Skill      XL: |  1  2  3  4  5  6  7  8 |
---------------+-------------------------+-----
Ice Magic      | 5 6 7 8 9 |  9.0
Fighting       | 1 2 3 4 5 |  5.6
Dodging        | 3 4 5 |  5.5
Spellcasting   | 3 4 5 |  5.0
Armour         | 2 |  2.1
Stealth        | |  1.7

Action                   |  1- 3 |  4- 6 |  7- 9 || total
-------------------------+-------+-------+-------++-------
Melee: Whip              |    16 |       |    83 ||    99
       Unarmed           |     6 |       |       ||     6
       Hand axe          |     4 |   174 |    30 ||   208
 Cast: Freeze            |    28 |       |     5 ||    33
       Frozen Ramparts   |     1 |     9 |    13 ||    23
  Use: Potion            |       |       |     2 ||     2
 Stab: Sleeping          |       |     4 |     2 ||     6
       Distracted        |       |     1 |       ||     1
Armor: Robe              |    12 |    49 |    21 ||    82
Dodge: Dodged            |    49 |   155 |    83 ||   287

Table legend: (Time is in decaauts)
 A = Elapsed time spent in this place.
 B = Non-inter-level travel time spent in this place.
 C = Inter-level travel time spent in this place.
 D = Time resting spent in this place.
 E = Time spent auto-exploring this place.
 F = Levels seen in this place.
 G = Mean time per level.
                   A        B        C        D        E       F      G
               +--------+--------+--------+--------+--------+-----+--------+
         Total |   7780 |   7460 |    320 |   1525 |   4840 |   7 | 1111.4 |
       Dungeon |   7727 |   7445 |    282 |   1525 |   4827 |   6 | 1287.8 |
        Temple |     53 |     15 |     38 |      0 |     13 |   1 |   53.0 |
               +--------+--------+--------+--------+--------+-----+--------+

Top non-repeatable levels by time:
     D:5: 1718 daAuts
     D:4: 1625 daAuts
     D:2: 1547 daAuts
     D:1: 1224 daAuts
     D:3: 1053 daAuts
     D:6: 558 daAuts
  Temple: 53 daAuts
